 Dungeon Crawl Stone Soup version 0.31.0-11-ge490571c62 (webtiles) character file.

Game seed: 13956687103068427453

1695 PaiMei the Grave Robber (level 8, -3/51 (62) HPs)
             Began as a Demonspawn Necromancer on Jan 26, 2024.
             Slain by a wight
             ... wielding a +4 dagger
              (9 damage)
             ... on level 5 of the Dungeon.
             The game lasted 00:10:39 (9552 turns).

PaiMei the Grave Robber (Demonspawn Necromancer)    Turns: 9552, Time: 00:10:40

HP:   -3/51 (62)    AC:  5    Str:  9    XL:     8   Next: 72%
MP:   22/25         EV: 14    Int: 24    God:
Gold: 213           SH:  0    Dex: 13    Spells: 9/17 levels left

rFire   . . .        F - +1 whip (flame)
rCold   . . .        (no shield)
rNeg    . . .        a - +0 robe
rPois   .            k - +0 helmet
rElec   .            (no cloak)
rCorr   .            m - +0 pair of gloves
SInv    .            (no boots)
Will    .....        A - amulet of the acrobat
Stlth   ++           D - +6 ring of intelligence
HPRegen 0.28/turn    C - ring of magical power
MPRegen 0.19/turn

%: acrobat
@: about to teleport, heavily drained
A: foul stench 2, sharp scales 1, weakness stinger 1
a: no special abilities


You were on level 5 of the Dungeon.
You visited 1 branch of the dungeon, and saw 6 of its levels.

You collected 246 gold pieces.
You spent 33 gold pieces at shops.

Inventory:

Hand Weapons
 g - a +0 spear of venom
 F - a +1 whip of flaming (weapon)
Missiles
 G - 6 poisoned darts (quivered)
Armour
 a - a +0 robe (worn)
 k - a +0 helmet (worn)
 m - a +0 pair of gloves (worn)
Jewellery
 n - a ring of positive energy
 A - an amulet of the acrobat (around neck)
 B - an amulet of regeneration
 C - a ring of magical power (right hand)
 D - a +6 ring of intelligence (left hand)
Wands
 r - a wand of flame (11)
 v - a wand of mindburst (8)
 z - a wand of paralysis (2)
 E - a wand of polymorph (3)
Scrolls
 c - a scroll of summoning {unknown}
 d - a scroll of poison {unknown}
 i - 2 scrolls of teleportation
 j - 5 scrolls of identify {unknown}
 l - 2 scrolls of amnesia {unknown}
 o - a scroll of noise {unknown}
 p - a scroll of vulnerability {unknown}
 t - 2 scrolls of immolation {unknown}
 u - 2 scrolls of fog {unknown}
 x - a scroll of revelation {unknown}
 y - a scroll of enchant armour {unknown}
 H - a scroll of blinking {unknown}
Potions
 b - a potion of magic
 e - a potion of brilliance {unknown}
 f - 2 potions of curing {unknown}
 h - a potion of berserk rage {unknown}
 q - a potion of resistance {unknown}
 s - a potion of might {unknown}
 w - 2 potions of haste {unknown}


   Skills:
 + Level 5.3 Fighting
 + Level 5.3 Dodging
 - Level 2.0 Stealth
 + Level 5.4 Spellcasting
 + Level 7.5 Necromancy


You had 9 spell levels left.
You knew the following spells:

 Your Spells              Type           Power      Damage    Failure   Level
a - Necrotise             Necr           100%       1d9       1%          1
b - Vampiric Draining     Necr           42%        2d9       1%          3
c - Animate Dead          Necr           42%        N/A       3%          4

Your spell library contained the following spells:

 Spells                   Type           Power      Damage    Failure   Level
 Kiss of Death            Conj/Necr      96%        2d12      1%          1
 Sandblast                Erth           12%        2d6       9%          1
 Slow                     Hex            24%        N/A       9%          1
 Summon Small Mammal      Summ           24%        N/A       9%          1
 Curse of Agony           Necr           42%        N/A       11%         5
 Confusing Touch          Hex            6%         N/A       26%         3
 Hailstorm                Conj/Ice       6%         3d5       26%         3
 Passwall                 Erth           6%         N/A       26%         3
 Sigil of Binding         Hex            6%         N/A       26%         3
 Stone Arrow              Conj/Erth      12%        3d7       26%         3
 Summon Ice Beast         Ice/Summ       6%         N/A       26%         3
 Brom's Barrelling Bould  Conj/Erth      6%         2d3       63%         4
 Sculpt Simulacrum        Ice/Alch       3%         N/A       100%        6
 Haunt                    Necr/Summ      12%        N/A       100%        7
 Malign Gateway           Summ/Tloc      3%         N/A       100%        7


Dungeon Overview and Level Annotations

Branches:
Dungeon (6/15)
 Temple: D:4-7

Altars:
Fedhas
Hepliaklqana
Qazlal
Ru
Trog
Uskayaw
Wu Jian

Shops:
D:2 *(!*   D:3 *

Annotations:
D:4 3 runed translucent doors, Gadfly's ghost, novice DsSh


Innate Abilities, Weirdness & Mutations

You sometimes emit foul miasma when damaged in melee.
You are partially covered in razor-sharp scales. (AC +1, Slay +1)
You have a small tail.


Message History

The wight is heavily damaged.
The wight closely misses you.
You hit the wight. You burn the wight.
The wight is heavily damaged.
The wight hits you with a +4 dagger.
You feel drained.
You emit a cloud of foul miasma!
You hit the wight but do no damage.
You tail-slap the wight, but do no damage.
The wight is heavily damaged.
The wight hits you with a +4 dagger.
You feel drained. The wight barely misses you.
You barely miss the wight.
You tail-slap the wight, but do no damage.
The wight is heavily damaged.
The wight hits you with a +4 dagger.
You hit the wight but do no damage.
The wight is heavily damaged.
The wight hits you with a +4 dagger.
You feel drained.
You hit the wight but do no damage.
The wight is heavily damaged.
The wight hits you with a +4 dagger.
You hit the wight but do no damage.
The wight is heavily damaged.
The wight hits you with a +4 dagger.
You feel drained.
You hit the wight but do no damage.
Your tail-slap misses the wight.
The wight is heavily damaged.
The wight closely misses you.
You hit the wight. You burn the wight.
The wight is severely damaged.
The wight hits you with a +4 dagger.
* * * LOW HITPOINT WARNING * * *
You closely miss the wight.
The wight is heavily damaged.
The wight hits you with a +4 dagger!
* * * LOW HITPOINT WARNING * * *
You feel drained.
* * * LOW HITPOINT WARNING * * *
As you read the scroll of teleportation, it crumbles to dust.
You feel strangely unstable. The wight hits you with a +4 dagger!
You die...

#.....#......#
#.....#......#
#.....#......#
#.....#......# #####
#.....##'##### #....
#.....##....# #....
#...........# #....
#...........# #....
#.....##..@############....
#.....##.z.#..#............
#.................#........
#.....##..........#........
########..........#........
#...........#........
#...........#........
#...........#........
##..[..#..###........


You could see a wight.

Vanquished Creatures
  Pikel (D:5)
  3 ice beasts (D:5)
  2 lemures
  A bullfrog (D:6)
  2 scorpions
  2 howler monkeys
  3 bombardier beetles
  2 hounds (D:6)
  A gnoll bouda (D:3)
  2 orc priests (D:4)
  Ijyb (D:3)
  Natasha (thrice) (D:3)
  An iguana (D:5)
  2 orc wizards (D:4)
  7 gnolls
  9 adders
  2 white imps (D:5)
  3 dart slugs
  3 ribbon worms
  13 orcs
  6 endoplasms
  4 giant cockroaches
  7 goblins
  3 hobgoblins (D:1)
  6 jackals
  3 quokkas
  4 ball pythons
  7 bats
  11 frilled lizards
  5 kobolds
  6 rats
125 creatures vanquished.

Vanquished Creatures (collateral kills)
  An endoplasm (D:1)
  A jackal (D:1)
  A frilled lizard (D:3)
3 creatures vanquished.

Vanquished Creatures (others)
  An arcanist (D:6)
1 creature vanquished.

Grand Total: 129 creatures vanquished

Notes
Turn   | Place    | Note
-------+----------+-------------------------------------------
     0 | D:1      | PaiMei the Demonspawn Necromancer began the quest for the
                  | Orb.
     0 | D:1      | Reached XP level 1. HP: 13/13 MP: 3/3
    75 | D:1      | Gained mutation: You are partially covered in razor-sharp
                  | scales. (AC +1, Slay +1) [demonic ancestry]
    75 | D:1      | Reached XP level 2. HP: 19/19 MP: 1/5
   765 | D:1      | Reached XP level 3. HP: 20/25 MP: 0/6
   769 | D:1      | Learned a level 3 spell: Vampiric Draining
   925 | D:1      | Reached skill level 1 in Fighting
  1083 | D:1      | Found a faded altar of an unknown god.
  1457 | D:2      | Found Xoamuq's General Store.
  1465 | D:2      | Bought a scroll of teleportation for 33 gold pieces
  1684 | D:2      | Found Onirasul's Antique Weapon Emporium.
  1822 | D:2      | Found Ofreb's General Store.
  1861 | D:2      | Reached XP level 4. HP: 32/32 MP: 0/7
  1942 | D:2      | Learned a level 4 spell: Animate Dead
  1973 | D:2      | Found Pepifimuqu's Distillery.
  2220 | D:2      | Reached skill level 5 in Necromancy
  2544 | D:3      | Noticed Ijyb
  2623 | D:3      | Gained mutation: You may rarely emit foul miasma when
                  | damaged in melee. [demonic ancestry]
  2623 | D:3      | Reached XP level 5. HP: 30/38 MP: 4/9
  2834 | D:3      | Found Ecucirpho's Assorted Antiques.
  3010 | D:3      | Noticed Natasha
  3016 | D:3      | Killed Natasha
  3202 | D:3      | Got the Papyrus of the Catacomb and the Flock
  3265 | D:3      | Noticed Natasha
  3268 | D:3      | Killed Natasha
  3370 | D:3      | Noticed Natasha
  3376 | D:3      | Killed Natasha
  3809 | D:4      | Gained mutation: You have a small tail. [demonic ancestry]
  3809 | D:4      | Reached XP level 6. HP: 46/46 MP: 3/11
  5671 | D:4      | Reached XP level 7. HP: 52/52 MP: 2/12
  5972 | D:4      | Found a blossoming altar of Fedhas.
  5973 | D:4      | Found a hide-covered altar of Uskayaw.
  5976 | D:4      | Reached skill level 6 in Necromancy
  6044 | D:4      | Found a runed translucent gate.
  6045 | D:4      | Found a runed translucent gate.
  6045 | D:4      | Noticed Gadfly's ghost (novice DsSh)
  6046 | D:4      | Found a runed translucent gate.
  6199 | D:3      | Paralysed by Ijyb for 5 turns
  6204 | D:3      | Killed Ijyb
  6713 | D:5      | Entered Level 5 of the Dungeon
  7549 | D:5      | Found an ornate altar of the Wu Jian Council.
  8225 | D:5      | Noticed Pikel
  8386 | D:5      | Killed Pikel
  8387 | D:5      | Reached skill level 5 in Dodging
  8387 | D:5      | Reached skill level 5 in Spellcasting
  8387 | D:5      | Reached skill level 7 in Necromancy
  8387 | D:5      | Gained mutation: You sometimes emit foul miasma when
                  | damaged in melee. [demonic ancestry]
  8387 | D:5      | Reached XP level 8. HP: 61/61 MP: 13/15
  8628 | D:5      | Reached skill level 5 in Fighting
  8689 | D:5      | Found a hazy altar of Hepliaklqana.
  9147 | D:6      | Found a stormy altar of Qazlal.
  9166 | D:6      | Found a bloodstained altar of Trog.
  9168 | D:6      | Noticed a wizard
  9172 | D:6      | Killed a wizard
  9480 | D:6      | Found a sacrificial altar of Ru.
  9552 | D:5      | Slain by a wight

Illustrated notes

Levels and vault maps discovered:
D:1:      lemuel_arrival_hallway, layout_basic, chequers_ecumenical_altar_simple
D:2:      layout_loops_ring, serial_shops, shop, nicolae_shop_crystal,
          nicolae_shop_back_alley_shop, nicolae_shop_just_a_little_nook
D:3:      layout_loops_cross, serial_shops, nicolae_shop_rolling_square,
          minmay_misc_feat_diagonals, minmay_lizard_king, uniq_natasha,
          uniq_ijyb
D:4:      layout_rooms, mainiacjoe_overflow_big_doors, ebering_ghost_rock_garden
D:5:      layout_gridville, lemuel_crystal_altar,
          mainiacjoe_overflow_tiny_flanked, hex_tiny, reono_crystal_passage,
          uniq_pikel
D:6:      layout_rooms, grunt_qazlal_sundering, trog_wizard, kennysheep_mini,
          ebering_ghost_disaster_area, uniq_menkaure

Skill      XL: |  1  2  3  4  5  6  7  8 |
---------------+-------------------------+-----
Dodging        | 2 3 5 |  5.3
Stealth        | 2 |  2.0
Fighting       | 1 2 3 4 5 |  5.3
Necromancy     | 5 7 |  7.5
Spellcasting   | 3 5 |  5.4

Action                     |  1- 3 |  4- 6 |  7- 9 || total
---------------------------+-------+-------+-------++-------
  Melee: Short sword       |     8 |       |       ||     8
         Spear             |    14 |    42 |    35 ||    91
         Tailslap          |       |     2 |    10 ||    12
         Punch             |       |     1 |       ||     1
         Whip              |       |       |    13 ||    13
   Cast: Necrotise         |    85 |    95 |    61 ||   241
         Vampiric Draining |       |    13 |    34 ||    47
    Use: Scroll            |       |       |     1 ||     1
 Armour: Robe              |    28 |    65 |    52 ||   145
  Dodge: Dodged            |    37 |    42 |    57 ||   136
